 Dungeon Sprint DCSS version 0.15-a0-198-g2f4809b (webtiles) character file.

1313 BluebellGnoll the Bludgeoner (level 8, 0/136 HPs)
             Began as an Ogre Berserker on Apr 22, 2014.
             Was a High Priest of Trog.
             Succumbed to a water moccasin's poison
             ... in the Dungeon (Sprint IX: "|||||||||||||||||||||||||||||").
             The game lasted 00:04:30 (599 turns).

BluebellGnoll the Bludgeoner (Ogre Berserker)        Turns: 599, Time: 00:04:30

HP   0/136       AC  5     Str 32      XL: 8   Next: 57%
MP   8/8         EV 14     Int  6      God: Trog [*****.]
Gold 8           SH  0     Dex 10      Spells:  0 memorised,  7 levels left

rFire  . . .     SeeInvis .     p - +0 giant club
rCold  . . .     Clarity  .     b - +0 animal skin
rNeg   . . .     Conserve .     (shield restricted)
rPois  .         rCorr    .     (helmet restricted)
rElec  .         rRot     .     (no cloak)
SustAb . .       Spirit   .     (gloves unavailable)
rMut   .         Warding  .     (boots unavailable)
Saprov + . .     NoTele   +     (no amulet)
MR     .....                    o - +2 ring of protection
                                n - +3 ring of strength

@: berserking (expiring), lethally poisoned, very quick, not resistant to
hostile enchantments, extremely unstealthy
A: unfitting armour, fast metabolism 1, saprovore 1, tough skin 1
a: Burn Spellbooks, Berserk, Trog's Hand, Brothers in Arms, Renounce Religion


You were in the Dungeon.
You worshipped Trog.
Trog was extremely pleased with you.
You were very hungry.

You visited 1 branch You collected 8 gold pieces.

Inventory:

Hand weapons
 a - a +0,+0 mace
 m - a +2,+2 morningstar of protection
 p - a +0,+0 giant club (weapon)
Armour
 b - a +0 animal skin (worn)
Magical devices
 l - a wand of cold (7)
Comestibles
 c - 3 meat rations
Scrolls
 i - 2 scrolls of blinking
 k - 3 scrolls of remove curse
 r - 2 scrolls of enchant weapon III
 s - a scroll of fog
 t - 2 scrolls of enchant armour
 u - 2 scrolls of enchant weapon II
Jewellery
 n - a +3 ring of strength (left hand)
 o - a +2 ring of protection (right hand)
Potions
 d - 7 potions of curing
 e - 6 potions of heal wounds
 f - a potion of haste
 g - 4 potions of magic
 h - a potion of berserk rage
 j - a potion of invisibility
 q - 2 potions of cure mutation


   Skills:
 - Level 8.9 Fighting
 * Level 16.4 Maces & Flails
 * Level 10.9 Dodging


You had 7 spell levels left.
You didn't know any spells.

Dungeon Overview and Level Annotations

Branches:
Dungeon (1/1)

Altars:
Ashenzari
Cheibriados
Dithmenos
Elyvilon
Fedhas
Kikubaaqudgha
Makhleb
Nemelex Xobeh
Okawaru
Sif Muna
Trog
Vehumet
Xom
Yredelemnul
Zin
The Shining One


Innate Abilities, Weirdness & Mutations

You are too large for most types of armour.
You have a fast metabolism.
You can tolerate rotten meat.
You have tough skin (AC +1).


Message History

Your Maces & Flails skill gained 2 levels and is now at level 16!
Your Dodging skill gained 2 levels and is now at level 10!
You have reached level 8!
You miss the water moccasin. The water moccasin bites you.
* * * LOW HITPOINT WARNING * * *
You are lethally poisoned!
The water moccasin poisons you!
You thump the water moccasin!
The water moccasin is heavily wounded.
* * * LOW HITPOINT WARNING * * *
You feel sick. The water moccasin bites you.
* * * LOW HITPOINT WARNING * * *
You bludgeon the water moccasin!!
You kill the water moccasin!
Trog accepts your kill.
* * * LOW HITPOINT WARNING * * *
You feel sick.
Unknown command.
You are too berserk!
You die...

▓.▓.▓.▓
▓.▓.▓.▓
▓.▓.▓.▓
▓.▓.▓'▓
▓.▓.▓.▓
▓.▓.▓)▓
▓.▓.▓.▓
▓.▓.▓.▓
▓@▓.▓.▓
▓.▓.▓'▓
▓%▓.▓_▓
▓r▓.▓_▓
▓l▓.▓_▓
▓w▓.▓_▓
▓h▓.▓_▓
▓.▓.▓_▓
▓l▓.▓_▓


You could see a basilisk, a worm, an iguana, a hound and a quokka.

Vanquished Creatures
  A hydra (D)
  A water moccasin (D)
  An ogre (D)
  A centaur (D)
  2 giant frogs (D)
  A worker ant (D)
  2 adders (D)
  A giant gecko (D)
  An orc (D)
  A bat (D)
  A hobgoblin (D)
  A jackal (D)
  2 kobolds (D)
  A goblin skeleton (D)
  A rat (D)
  A rat zombie (D)
19 creatures vanquished.

Vanquished Creatures (collateral kills)
  A vampire (D)
  A yellow wasp (D)
  A wight (D)
  A hobgoblin zombie (D)
  A jackal skeleton (D)
5 creatures vanquished.

Vanquished Creatures (others)
  An ogre (D)
1 creature vanquished.

Grand Total: 25 creatures vanquished

Notes
Turn   | Place    | Note
--------------------------------------------------------------
     0 | D        | BluebellGnoll, the Ogre Berserker, began the quest for the Orb.
     0 | D        | Reached XP level 1. HP: 24/24 MP: 1/1
    16 | D        | Reached skill level 5 in Maces & Flails
    19 | D        | Acquired Trog's second power
    24 | D        | Reached skill level 6 in Maces & Flails
    86 | D        | Noticed a centaur
    86 | D        | Noticed a worker ant
    87 | D        | Reached XP level 2. HP: 32/32 MP: 2/2
   102 | D        | Killed a centaur
   102 | D        | Reached skill level 11 in Maces & Flails
   102 | D        | Reached XP level 3. HP: 12/39 MP: 3/3
   102 | D        | Reached XP level 4. HP: 14/48 MP: 4/4
   106 | D        | Killed a worker ant
   106 | D        | Acquired Trog's third power
   106 | D        | Reached skill level 12 in Maces & Flails
   112 | D        | Found a shimmering altar of Xom.
   112 | D        | Found a snail-covered altar of Cheibriados.
   112 | D        | Found a radiant altar of Vehumet.
   112 | D        | Found a bloodstained altar of Trog.
   112 | D        | Found a basalt altar of Yredelemnul.
   112 | D        | Found a shadowy altar of Dithmenos.
   112 | D        | Found a burning altar of Makhleb.
   113 | D        | Found a glowing silver altar of Zin.
   114 | D        | Found a shattered altar of Ashenzari.
   115 | D        | Found a deep blue altar of Sif Muna.
   116 | D        | Found an iron altar of Okawaru.
   117 | D        | Found a sparkling altar of Nemelex Xobeh.
   118 | D        | Found a blossoming altar of Fedhas.
   119 | D        | Found a glowing golden altar of the Shining One.
   120 | D        | Found an ancient bone altar of Kikubaaqudgha.
   121 | D        | Found a white marble altar of Elyvilon.
   122 | D        | Found a radiant altar of Vehumet.
   123 | D        | Found a shadowy altar of Dithmenos.
   345 | D        | Noticed a giant frog
   345 | D        | Noticed a giant frog
   352 | D        | Killed a giant frog
   352 | D        | Reached XP level 5. HP: 61/61 MP: 5/5
   361 | D        | Killed a giant frog
   361 | D        | Reached skill level 5 in Dodging
   361 | D        | Reached XP level 6. HP: 74/74 MP: 6/6
   396 | D        | Noticed a wight
   396 | D        | Noticed a yellow wasp
   396 | D        | Noticed an ogre
   396 | D        | Noticed a vampire
   400 | D        | Killed a wight
   404 | D        | Killed a yellow wasp
   412 | D        | Killed an ogre
   412 | D        | Reached skill level 13 in Maces & Flails
   419 | D        | Killed a vampire
   419 | D        | Reached skill level 14 in Maces & Flails
   419 | D        | Reached XP level 7. HP: 49/81 MP: 7/7
   589 | D        | Noticed a four-headed hydra
   589 | D        | Noticed a water moccasin
   589 | D        | Noticed an iguana
   589 | D        | Noticed a hound
   589 | D        | Noticed a basilisk
   594 | D        | Noticed a wolf
   595 | D        | Killed a four-headed hydra
   595 | D        | Reached skill level 16 in Maces & Flails
   595 | D        | Reached skill level 10 in Dodging
   595 | D        | Reached XP level 8. HP: 8/91 MP: 8/8
   597 | D        | HP: 6/136 [poisoned by a water moccasin]
   597 | D        | HP: 2/136 [water moccasin (4)]
   598 | D        | Killed a water moccasin
   599 | D        | Succumbed to a water moccasin's poison

Action                   |  1- 3 |  4- 6 |  7- 9 || total
-------------------------+-------+-------+-------++-------
Melee: Mace              |    28 |     4 |       ||    32
       Morningstar       |       |    22 |       ||    22
       Giant club        |       |       |     8 ||     8
Invok: Berserk           |     1 |     1 |     1 ||     3
       Brothers in Arms  |       |     2 |       ||     2
       Trog's Hand       |       |       |     1 ||     1
  Use: Potion            |       |     1 |       ||     1
